cohdb
Replays
Latest Replays
All Replays
Popular Replays
Top Player Replays
Match Explorer
How It Works
Community
CoH3 Stats
Reddit
Sign in to upload your games and track your stats! →
Sign in with Steam
blitzkrieg
Match 33156481
Overview
Messages
Build Orders
End
Engineer Squad
Construct Barracks
Riflemen Squad
Selects Armored Battlegroup
Selects Veteran Crews
Riflemen Squad
Riflemen Squad
Infantry Support Center
Construct Motor Pool
Selects Strength in Steel
M8 Greyhound Armored Car
Riflemen Squad
Selects M31 Recovery Vehicle
Construct Medical Station
Engineer Squad
Grenade Package
M1 Anti-tank Gun Team
Selects War Machine
M8 Greyhound Armored Car
M24 Chaffee Light Tank
Selects M8 Scott SPG
Riflemen Squad
Selects M4A3E8 Sherman Combat Group
Riflemen Squad
aSIISymbiosis
Andres TC
0
0
Comments
sign in to comment!
No comments posted yet!